 Dungeon Crawl Stone Soup version 0.26.0-10-g1f06aea511 (webtiles) character file.

Game seed: 17365763700862827532

163 theswoord the Twirler (level 5, -3/38 HPs)
             Began as a Formicid Gladiator on Jan 15, 2021.
             Slain by a gnoll
             ... wielding a +0 spear
              (11 damage)
             ... on level 3 of the Dungeon.
             The game lasted 00:02:38 (2762 turns).

theswoord the Twirler (Formicid Gladiator)          Turns: 2762, Time: 00:02:39

Health: -3/38      AC:  3    Str: 16 (19) XL:     5   Next: 72%
Magic:  5/5        EV: 27    Int:  5 (7)  God:
Gold:   139        SH:  0    Dex: 12 (13) Spells: 4/4 levels left

rFire    . . .     SeeInvis +   a - +0 quarterstaff
rCold    . . .     Faith    .   (no shield)
rNeg     . . .     Spirit   .   b - +0 leather armour
rPois    .         Reflect  .   (helmet unavailable)
rElec    .         Harm     .   (no cloak)
rCorr    .         Rampage  .   (no gloves)
Will     .....                  (no boots)
Stlth    +.........             l - amulet of the acrobat
HPRegen  0.12/turn              h - ring of wizardry
MPRegen  0.09/turn              (no ring)

@: brilliant, acrobat, attractive
A: permanent stasis, dig shafts and tunnels, four strong arms, antennae 3
a: Dig, Shaft Self


You were on level 3 of the Dungeon.
You visited 1 branch of the dungeon, and saw 3 of its levels.

You collected 139 gold pieces.

Inventory:

Hand Weapons
 a - a +0 quarterstaff (weapon)
Missiles
 c - 3 throwing nets (quivered)
Armour
 b - a +0 leather armour (worn)
Jewellery
 h - a ring of wizardry (left hand)
 l - an amulet of the acrobat (around neck)
Scrolls
 e - 3 scrolls of enchant armour {unknown}
 f - 6 scrolls of identify {unknown}
 j - a scroll of enchant weapon {unknown}
 k - 2 scrolls of magic mapping {unknown}
 m - a scroll of teleportation {unknown}
Potions
 d - a potion of brilliance
 g - 2 potions of curing


   Skills:
 - Level 2.1 Fighting
 + Level 6.0 Staves
 - Level 2.0 Throwing
 - Level 2.6 Dodging


You had 4 spell levels left.
You didn't know any spells.
Your spell library was empty.

Dungeon Overview and Level Annotations

Branches:
Dungeon (3/15)

Altars:


Innate Abilities, Weirdness & Mutations

You cannot be hasted, slowed, berserked, paralysed or teleported.
You can dig through walls and to a lower floor.
Your four strong arms can wield two-handed weapons with a shield.
You have a pair of large antennae on your head. (SInv)


Message History

You barely miss the gnoll. The gnoll misses you.
You barely miss the gnoll. The gnoll hits you with a +0 spear.
* * * LOW HITPOINT WARNING * * *
You feel better. The gnoll barely misses you.
You barely miss the gnoll. The gnoll hits you with a +0 spear.
* * * LOW HITPOINT WARNING * * *
You extend your mandibles.
You dig through the rock wall.
The gnoll closely misses you. The gnoll is pulled toward you!
The orc is pulled toward you! x2
You retract your mandibles.
The gnoll hits you from afar with a +0 spear!
* * * LOW HITPOINT WARNING * * *
The gnoll is pulled toward you! The orc is pulled toward you!
You see here a stone.
You extend your mandibles.
You dig through the rock wall.
The gnoll barely misses you. The gnoll is pulled toward you!
The orc is pulled toward you! x2
You dig through the rock wall.
The gnoll is pulled toward you!
You dig through the rock wall.
The gnoll hits you with a +0 spear!
You die...

..... #.#...##...#
....o.####.######...#
#.g({){{>..........
#######.#..........
...#{#..#######'
#.#o#..# #.
###.o###.# #####.
##g#{## #.# #...'.
#@#..# #.# #.###.
####.# #.# #.# #.
#.####.###'###.
#......'.......
#.###..###'###. #)#
##.# #.# #. # #)# #.#
#.###. ###8###.# #.#
#...'. .[....#.# #.#
#####.


You could see a gnoll.

Vanquished Creatures
  Natasha (twice) (D:3)
  A gnoll (D:3)
  4 adders
  An ooze (D:2)
  A worm (D:3)
  2 leopard geckos
  2 orcs (D:3)
  5 bats
  3 giant cockroaches
  9 goblins
  9 hobgoblins
  2 jackals (D:1)
  2 quokkas
  2 frilled lizards (D:1)
  10 kobolds
  3 rats
58 creatures vanquished.

Vanquished Creatures (others)
  13 plants (D:3)
13 creatures vanquished.

Grand Total: 71 creatures vanquished

Notes
Turn   | Place    | Note
-------+----------+-------------------------------------------
     0 | D:1      | theswoord the Formicid Gladiator began the quest for the
                  | Orb.
     0 | D:1      | Reached XP level 1. HP: 16/16 MP: 1/1
   272 | D:1      | Reached XP level 2. HP: 11/22 MP: 2/2
   734 | D:1      | Reached skill level 4 in Staves
   734 | D:1      | Reached XP level 3. HP: 27/27 MP: 3/3
  1302 | D:2      | Reached XP level 4. HP: 25/33 MP: 4/4
  2148 | D:3      | Reached skill level 5 in Staves
  2179 | D:3      | Noticed Natasha
  2184 | D:3      | Killed Natasha
  2185 | D:3      | Reached XP level 5. HP: 33/38 MP: 5/5
  2508 | D:3      | Noticed Natasha
  2521 | D:3      | Killed Natasha
  2754 | D:3      | Reached skill level 6 in Staves
  2762 | D:3      | Slain by a gnoll

Skill      XL: |  1  2  3  4  5 |
---------------+----------------+-----
Staves         | 4 5 6 |  6.0
Fighting       | |  2.1
Throwing       | |  2.0
Dodging        | |  2.6

Action                   |  1- 3 |  4- 6 || total
-------------------------+-------+-------++-------
Melee: Quarterstaff      |    93 |    93 ||   186
 Abil: Dig               |       |     3 ||     3
  Use: Potion            |       |     6 ||     6
Armor: Leather armour    |    18 |    14 ||    32
Dodge: Dodged            |    62 |    74 ||   136

Levels and vault maps discovered:
D:1:      dpeg_arrival_rhombus, layout_loops_ring, serial_forest,
          infiniplex_forest_lined_4_way, infiniplex_forest_lined_4_way,
          infiniplex_forest_lined_room_2, infiniplex_forest_straight_2,
          infiniplex_forest_side_room, infiniplex_forest_side_room,
          infiniplex_forest_lined_3, ebering_dispersal_statue_hall
D:2:      layout_rooms, minmay_misc_feat_pillars
D:3:      layout_basic, serial_corexii_hall, corexii_hall_statues_i,
          chequers_hall_statues_corner_a, serial_bayou_lagoon_a,
          minmay_door_square, uniq_natasha
